 Dungeon Crawl Stone Soup version 0.31-a0-303-gdc8c9485ea (webtiles) character file.

Game seed: 7550890098692429750

195 Jeffwins the Grave Robber (level 5, -7/34 HPs)
             Began as an Octopode Wanderer on July 16, 2023.
             Mangled by a gnoll
             ... wielding a +0 whip
              (10 damage)
             ... on level 4 of the Dungeon.
             The game lasted 00:04:59 (2686 turns).

Jeffwins the Grave Robber (Octopode Wanderer)       Turns: 2686, Time: 00:04:59

Health: -7/34      AC:  1    Str:  7    XL:     5   Next: 74%
Magic:  2/8        EV: 14    Int: 17    God:
Gold:   111        SH:  0    Dex: 15    Spells: 4/8 levels left

rFire   . . .        a - +0 dagger
rCold   . . .        (no shield)
rNeg    + . .        c - +0 hat
rPois   .            (no amulet)
rElec   .            v - ring of see invisible
rCorr   .            N - ring of positive energy
SInv    +            (no ring)
Will    .....        (no ring)
Stlth   +++          (no ring)
HPRegen 0.25/turn    (no ring)
MPRegen 0.11/turn    (no ring)
                     (no ring)

%: no passive effects
@: no status effects
A: almost no armour, amphibious, 8 rings, camouflage 1, gelatinous body 1,
(nimble swimmer 1), tentacles
a: no special abilities


You were on level 4 of the Dungeon.
You visited 1 branch of the dungeon, and saw 4 of its levels.

You collected 111 gold pieces.


Innate Abilities, Weirdness & Mutations

You cannot wear most types of armour.
You are amphibious.
You can wear up to eight rings at the same time.
Your skin changes colour to match your surroundings (Stealth+).
Your rubbery body absorbs attacks. (AC +1, EV +1)
((You are camouflaged when in or above water. (Stealth+)))
You have tentacles for arms and can constrict up to eight enemies at once.


   Skills:
 + Level 2.1 Fighting
 + Level 3.7 Dodging
 + Level 3.3 Stealth
 + Level 2.2 Spellcasting
 - Level 1.0 Hexes
 + Level 4.6 Necromancy
 - Level 1.1 Evocations


You had 4 spell levels left.
You knew the following spells:

 Your Spells              Type           Power      Damage    Failure   Level
x - Vampiric Draining     Necr           17%        2d7       9%          3
z - Necrotise             Necr           68%        1d7       2%          1

Your spell library contained the following spells:

 Spells                   Type           Power      Damage    Failure   Level
 Kiss of Death            Conj/Necr      36%        2d8       8%          1
 Slow                     Hex            20%        N/A       13%         1
 Confusing Touch          Hex            5%         N/A       36%         3
 Agony                    Necr           17%        N/A       61%         5

Inventory:

Hand Weapons
 a - a +0 dagger (weapon)
Armour
 c - a +0 hat (worn)
Jewellery
 v - a ring of see invisible (left tentacle)
 N - a ring of positive energy (right tentacle)
Wands
 p - a wand of flame (6)
Scrolls
 e - a scroll of noise {unknown}
 h - 3 scrolls of identify {unknown}
 j - 2 scrolls of enchant armour {unknown}
 k - a scroll of summoning {unknown}
 l - a scroll of blinking {unknown}
 m - a scroll of enchant weapon {unknown}
 o - a scroll of teleportation {unknown}
 q - a scroll of brand weapon {unknown}
Potions
 b - 2 potions of attraction {!q}
 d - 2 potions of curing {@q1}
 f - 2 potions of brilliance {unknown}
 g - a potion of enlightenment {unknown}
 i - a potion of heal wounds {unknown}
 n - a potion of degeneration {unknown}
 r - a potion of berserk rage {unknown}

Dungeon Overview and Level Annotations

Branches:
Dungeon (4/15)
 Temple: D:4-7

Altars:

...# #▒▒▒▒▒##....##
+..▒..'......#
#..#.g#..#.... #....Z#..#
. ###.....####
#........g..#..##........
.....#####g...............
.....#...@#..#............
.... #....#..#............
#.. ##..##+##............
#.. ##'# #............
#..# #........††.. #..#
#........<... #'##
#.......).... ##..#
.#....▒▒'▒▒▒▒▒
#...##..#....'.......


You could see 2 gnolls.


Message History

The gnoll attacks as you move away! The gnoll misses you.
You barely miss the gnoll. Your grab misses the gnoll.
Your squeeze misses the gnoll. The gnoll barely misses you.
You hit the gnoll. You grab the gnoll. You squeeze the gnoll.
The gnoll is heavily wounded.
You constrict the gnoll.
The gnoll hits something with a +0 whip.
The gnoll barely misses you.
You hit the gnoll.
The gnoll is severely wounded.
You constrict the gnoll. The gnoll misses you.
You hit the gnoll.
You kill the gnoll!
You hit the gnoll but do no damage. Your grab misses the gnoll.
The gnoll is moderately wounded.
The gnoll hits you from afar with a +0 spear.
The gnoll hits you with a +0 whip!
* * * LOW HITPOINT WARNING * * *
You hit the gnoll. You grab the gnoll. You squeeze the gnoll.
The gnoll is severely wounded.
You constrict the gnoll.
The gnoll hits you from afar with a +0 spear.
* * * LOW HITPOINT WARNING * * *
The gnoll hits you with a +0 whip.
* * * LOW HITPOINT WARNING * * *
It was a potion of curing.
You feel better.
You constrict the gnoll.
The gnoll hits you from afar with a +0 spear.
* * * LOW HITPOINT WARNING * * *
The gnoll hits you with a +0 whip!
You die...

Skill      XL: |  1  2  3  4  5 |
---------------+----------------+-----
Stealth        | 1 2 3 |  3.3
Fighting       | 1 2 |  2.1
Spellcasting   | 2 |  2.2
Dodging        | |  3.7
Hexes          | |  1.0
Necromancy     | |  4.6
Evocations     | |  1.1

Action                     |  1- 3 |  4- 6 || total
---------------------------+-------+-------++-------
  Melee: Dagger            |    61 |    69 ||   130
         Constrict         |    10 |    17 ||    27
         Tentacles         |     6 |    15 ||    21
         Punch             |     1 |     1 ||     2
   Cast: Necrotise         |    14 |    38 ||    52
         Vampiric Draining |       |     2 ||     2
    Use: Potion            |       |     1 ||     1
   Stab: Sleeping          |    12 |     8 ||    20
 Armour: Skin              |     6 |     5 ||    11
  Dodge: Dodged            |    53 |    70 ||   123

Levels and vault maps discovered:
D:1:      eino_arrival_druids_welcome, layout_basic,
          ebering_ecumenical_altar_abandoned
D:2:      layout_basic, uniq_natasha
D:3:      layout_basic, uniq_terence
D:4:      layout_gridville, hangedman_ru_absence, lemuel_temple_firewalk_b

Notes
Turn   | Place    | Note
-------+----------+-------------------------------------------
     0 | D:1      | Jeffwins the Octopode Wanderer began the quest for the Orb.
     0 | D:1      | Jeffwins set off with the following items: a +0 dagger, a
                  | potion of attraction {!q}, a +0 hat; and the following
                  | spells available to memorise: Necrotise, Kiss of Death,
                  | Slow, Vampiric Draining, Confusing Touch.
     0 | D:1      | Reached XP level 1. HP: 11/11 MP: 2/2
     2 | D:1      | Learned a level 1 spell: Necrotise
   164 | D:1      | Reached XP level 2. HP: 18/18 MP: 3/3
   190 | D:1      | Reached skill level 1 in Stealth
   264 | D:1      | Found a faded altar of an unknown god.
   445 | D:1      | Reached XP level 3. HP: 12/22 MP: 5/5
   449 | D:1      | Learned a level 3 spell: Vampiric Draining
   521 | D:1      | Reached skill level 1 in Fighting
  1170 | D:2      | Noticed Natasha
  1177 | D:2      | Killed Natasha
  1178 | D:2      | Reached skill level 2 in Stealth
  1178 | D:2      | Reached XP level 4. HP: 28/28 MP: 4/6
  1524 | D:3      | Reached skill level 2 in Spellcasting
  1612 | D:3      | Reached XP level 5. HP: 20/34 MP: 3/8
  1705 | D:3      | Noticed Terence
  1719 | D:3      | Killed Terence
  1874 | D:3      | Reached skill level 2 in Fighting
  2289 | D:3      | Reached skill level 3 in Stealth
  2685 | D:4      | HP: 1/34 [gnoll/+0 whip (5)]
  2686 | D:4      | Mangled by a gnoll

Vanquished Creatures
  Terence (D:3)
  Natasha (D:2)
  3 gnolls
  3 adders
  A dart slug (D:2)
  2 worms (D:3)
  4 orcs (D:3)
  2 bats
  7 endoplasms
  2 giant cockroaches (D:1)
  6 goblins
  5 hobgoblins
  12 jackals
  5 kobolds
  4 quokkas
  5 ball pythons
  4 frilled lizards (D:2)
  4 rats
71 creatures vanquished.

Vanquished Creatures (collateral kills)
  A bat (D:1)
1 creature vanquished.

Grand Total: 72 creatures vanquished

Table legend: (Time is in decaauts)
 A = Elapsed time spent in this place.
 B = Non-inter-level travel time spent in this place.
 C = Inter-level travel time spent in this place.
 D = Time resting spent in this place.
 E = Time spent auto-exploring this place.
 F = Levels seen in this place.
 G = Mean time per level.
                   A        B        C        D        E       F      G
               +--------+--------+--------+--------+--------+-----+--------+
         Total |   2684 |   2646 |     38 |     43 |   2110 |   4 |  671.0 |
       Dungeon |   2684 |   2646 |     38 |     43 |   2110 |   4 |  671.0 |
               +--------+--------+--------+--------+--------+-----+--------+

Top non-repeatable levels by time:
     D:3: 1189 daAuts
     D:1: 800 daAuts
     D:2: 616 daAuts
     D:4: 78 daAuts

Table legend:
 A = Non-vault XP
 B = Vault XP
 C = Vault XP percentage of total XP
 D = Non-vault monster count
 E = Vault monster count
 F = Vault count percentage of total count
                 A         B        C        D         E       F
            +---------+---------+-------+---------+---------+-------
      Total |     208 |      71 |  25.4 |      70 |       2 |   2.8
            +---------+---------+-------+---------+---------+-------
        D:1 |      41 |       0 |   0.0 |      22 |       0 |   0.0
        D:2 |      50 |      35 |  41.2 |      16 |       1 |   5.9
        D:3 |      81 |      36 |  30.8 |      26 |       1 |   3.7
        D:4 |      36 |       0 |   0.0 |       6 |       0 |   0.0
            +---------+---------+-------+---------+---------+-------
